Map: Overgrown Facility

Players

Probe

  • Race: Terran Terran
  • League: Silver
  • Spawn Location: 1:00

Wyvern

  • Race: Terran Terran
  • Spawn Location: 3:00

OpuS - Winner!

  • Race: Protoss Protoss
  • League: Platinum
  • Spawn Location: 9:00

Sketchaphone - Winner!

  • Race: Zerg Zerg
  • League: Platinum
  • Spawn Location: 7:00

VOD

Have the link to the VOD?

Description

Time

  • Played on: Feb. 15, 2019, 7:39 p.m.
  • Length: 16:10
Show
View Real Time Build Order
Export as new Build Order

Probe Terran 

Build Orders:  

Get SALT Encoding   

  12  0:01  SCV  
  13  0:13  SCV  
  14  0:23  Supply Depot  
  14  0:27  SCV  
  15  0:38  Refinery  
  15  0:45  SCV  
  15  0:48  Barracks  
  16  0:57  SCV  
  17  1:09  SCV  
  18  1:14  Supply Depot  
  18  1:21  SCV  
  19  1:33  SCV  
  20  1:40  Marine  
  20  1:46  Factory, SCV  
  22  1:58  Barracks Reactor, SCV  
  23  2:10  SCV  
  24  2:33  Command Center  
  24  2:35  Orbital Command  
  24  2:45  Hellion x2  
  28  3:03  Barracks Tech Lab  
  28  3:06  Hellion, SCV  
  28  3:11  Supply Depot  
  31  3:30  Supply Depot  
  31  3:33  Hellion, SCV  
  34  3:35  Factory  
  34  3:45  SCV  
  35  4:05  SCV  
  30  4:17  SCV  
  30  4:21  Orbital Command  
  31  4:27  Siege Tank  
  31  4:28  Marine x2  
  36  4:37  Barracks  
  36  4:38  Refinery  
  36  4:40  SCV  
  37  4:49  SCV  
  37  4:52  Factory Reactor, SCV  
  39  4:59  Siege Tank  
  42  5:01  SCV  
  42  5:02  Refinery  
  42  5:04  Refinery  
  43  5:24  SCV x2  
  45  5:39  Barracks Tech Lab  
  45  5:46  SCV x2  
  45  5:47  Starport  
  47  5:51  Supply Depot  
  47  5:53  Engineering Bay, Supply Depot  
  47  5:54  Supply Depot x2  
  47  5:55  Engineering Bay, Supply Depot  
  47  5:57  Supply Depot  
  47  5:58  SCV x2  
  49  6:10  SCV x2  
  49  6:11  Marine x3  
  51  6:16  Stimpack  
  54  6:22  SCV  
  54  6:23  Factory Tech Lab  
  55  6:29  Marine x3  
  58  6:37  Medivac  
  58  6:38  Barracks  
  60  6:40  Barracks  
  60  6:46  Marine  
  60  6:47  Marine x2  
  63  7:04  Marine x2  
  63  7:05  Marine  
  66  7:13  Medivac x2  
  70  7:22  Marine x3, SCV  
  72  7:25  Barracks  
  72  7:29  Barracks  
  74  7:40  Marine x3  
  74  7:43  Medivac  
  73  7:58  Marine x3  
  51  8:14  Marine x3  
  51  8:15  Marine x2  
  51  8:16  Combat Shield, Marine x2  
  49  8:32  Marine x3  
  49  8:33  Marine x2  
  49  8:34  Marine x2  
  46  8:47  Siege Tank  
  48  8:49  Marine  
  48  8:50  Marine x3  
  48  8:51  Marine x3  
  55  9:07  Marine x2  
  55  9:08  Marine x2  
  55  9:09  Marine x3  
  61  9:19  Siege Tank  
  64  9:25  Marine x3, Siege Tank  
  64  9:26  Marine  
  64  9:27  Marine x3  
  74  9:41  Orbital Command  
  74  9:43  Marine x3  
  74  9:44  Marine  
  74  9:45  Marine x3  
  81  10:01  Marine x3  
  81  10:02  Marine  
  81  10:05  Command Center  
  85  10:14  Marine x2, Command Center  
  85  10:15  Marine  
  85  10:19  Marine  
  85  10:57  Medivac  
  85  11:02  Orbital Command  
  87  11:11  Marine  
  87  11:12  Marine x5  
  87  11:15  Widow Mine x2  
  97  11:22  Refinery  
  97  11:27  Medivac  
  97  11:29  Orbital Command  
  99  11:36  Widow Mine  
  99  11:39  Marine x3  
  104  11:40  Siege Tank  
  104  11:53  SCV  
  104  11:54  SCV  
  106  11:57  Medivac  
  105  12:13  Marine x6  
  105  12:14  Siege Tank  
  105  12:15  Siege Tank  
  87  12:47  SCV, Siege Tank  
  87  12:51  Marine  
  80  12:59  SCV  
  80  13:02  Marine  
  80  13:03  Marine x2  
  83  13:09  Marine  
  83  13:11  SCV  
  78  13:20  Marine  
  78  13:21  Marine  
  78  13:23  SCV  
  72  13:38  SCV  
  72  13:39  Marine  
  62  13:50  SCV  
  62  14:02  SCV  
  58  14:26  SCV  
  58  14:35  Orbital Command  
  58  14:38  SCV  
  52  15:11  Supply Depot x2  
  52  15:14  Supply Depot  
  52  15:17  Supply Depot  
  52  15:25  SCV  
  45  15:37  SCV  
  38  15:49  SCV  
Show
View Real Time Build Order
Export as new Build Order

Wyvern Terran 

Build Orders: Mech 

Get SALT Encoding   

  12  0:00  SCV  
  13  0:13  SCV  
  14  0:18  Supply Depot  
  14  0:25  SCV  
  15  0:30  Refinery  
  15  0:40  SCV  
  16  0:47  Barracks  
  16  0:53  SCV  
  17  1:05  SCV  
  18  1:17  SCV  
  19  1:29  SCV  
  20  1:41  Orbital Command  
  20  1:57  Command Center  
  20  2:04  Factory  
  20  2:05  Barracks Reactor  
  20  2:09  SCV  
  21  2:21  SCV  
  22  2:23  Supply Depot  
  22  2:24  Refinery  
  22  2:33  SCV  
  23  2:46  SCV  
  24  2:58  SCV  
  24  3:01  Hellion x2, Barracks Tech Lab  
  28  3:11  Factory, SCV  
  29  3:23  Hellion x2  
  33  3:29  Orbital Command  
  33  3:38  SCV  
  34  3:48  Widow Mine x2  
  38  3:51  SCV  
  38  3:53  Armory  
  39  3:56  SCV  
  40  4:03  SCV  
  39  4:16  Supply Depot  
  35  4:20  Widow Mine x2  
  37  4:29  Siege Tank  
  37  4:30  SCV x2  
  42  4:43  Terran Vehicle Weapons Level 1  
  42  4:45  Command Center  
  42  4:51  Hellion x2, SCV x2  
  48  5:02  Thor  
  54  5:14  Supply Depot  
  54  5:16  Supply Depot  
  54  5:17  Supply Depot  
  54  5:35  Hellion x2, SCV x2  
  60  5:47  Factory, SCV x2  
  60  5:48  Factory x2  
  62  5:55  Hellion  
  68  5:57  Hellion x2  
  68  5:59  SCV x2  
  68  6:01  Orbital Command  
  70  6:14  Refinery x2, SCV x2  
  70  6:18  Siege Tank  
  75  6:26  SCV  
  76  6:33  Factory Tech Lab x3, Engineering Bay  
  76  6:43  SCV x3  
  79  6:55  SCV  
  79  7:01  Missile Turret, Siege Tank  
  85  7:08  Hellion  
  85  7:12  Supply Depot  
  85  7:13  Supply Depot  
  85  7:15  Supply Depot  
  85  7:28  Terran Vehicle Weapons Level 2  
  85  7:34  Hellion x3, SCV x2  
  85  7:35  Siege Tank, SCV  
  91  7:46  SCV x2  
  91  7:47  SCV  
  92  7:58  SCV  
  93  8:01  Siege Tank x2  
  93  8:02  Hellion x2  
  84  8:25  Siege Tank x2  
  84  8:26  Hellion x2  
  84  8:33  SCV x2  
  84  8:34  SCV  
  85  8:39  Hellion x2  
  84  8:45  SCV  
  84  8:46  SCV  
  84  8:47  Hellion x2  
  81  8:57  Hellion x2  
  81  9:01  Hellion x2  
  86  9:03  Orbital Command  
  86  9:08  Hellion x2  
  86  9:09  SCV x2  
  88  9:19  Infernal Pre-Igniter  
  88  9:21  SCV x2  
  91  9:31  SCV  
  91  9:33  SCV x2  
  93  9:40  Refinery  
  93  9:42  Refinery  
  93  9:43  SCV  
  93  9:44  Siege Tank x3  
  93  9:45  Hellion x2, SCV x2  
  109  9:56  Hellion, SCV  
  109  9:57  SCV x2  
  114  10:08  SCV  
  114  10:09  SCV x2  
  114  10:13  Hellion x12  
  117  10:18  Siege Tank x3  
  117  10:19  Hellion x2  
  117  10:20  SCV  
  131  10:21  SCV  
  131  10:31  Hellion  
  124  10:40  Hellion  
  124  10:41  Hellion  
  93  13:11  Siege Tank  
  93  13:12  Siege Tank x3  
Show
View Real Time Build Order
Export as new Build Order

OpuS Protoss - Winner!

Build Orders:  

Get SALT Encoding   

  12  0:01  Probe  
  13  0:13  Probe  
  14  0:19  Pylon  
  14  0:25  Probe  
  15  0:37  Probe  
  15  0:38  Gateway  
  16  0:45  Probe  
  17  0:53  Assimilator  
  17  0:55  Probe  
  17  0:56  Assimilator  
  18  1:10  Probe  
  18  1:13  Gateway  
  18  1:18  Probe  
  20  1:26  Probe  
  21  1:34  Cybernetics Core  
  21  1:43  Pylon  
  22  1:47  Probe  
  22  1:59  Probe  
  22  2:00  Warp Gate  
  23  2:11  Stalker, Probe  
  26  2:19  Stalker  
  28  2:23  Probe  
  29  2:35  Pylon  
  29  2:54  Nexus  
  29  3:00  Probe  
  29  3:04  Stalker  
  32  3:11  Stalker  
  34  3:23  Robotics Facility  
  34  3:29  Pylon  
  33  3:45  Twilight Council  
  33  3:51  Gateway  
  33  3:53  Probe  
  34  4:00  Stalker  
  36  4:05  Stalker  
  38  4:16  Blink  
  36  4:21  Observer  
  37  4:30  Probe x2  
  39  4:35  Stalker x2  
  39  4:38  Immortal  
  47  4:54  Stalker  
  49  5:02  Probe x2  
  51  5:08  Pylon  
  51  5:18  Pylon  
  51  5:23  Immortal  
  49  5:35  Probe x2  
  51  5:39  Stalker  
  51  5:40  Stalker  
  55  5:47  Probe x2  
  57  5:59  Probe x2  
  57  6:01  Gateway  
  59  6:08  Robotics Bay  
  59  6:13  Immortal  
  63  6:25  Probe x2  
  65  6:32  Pylon  
  65  6:35  Pylon  
  65  6:37  Probe x2  
  67  6:49  Probe x2  
  69  6:59  Immortal  
  69  7:00  Stalker x2  
  69  7:01  Stalker  
  79  7:02  Stalker  
  81  7:12  Probe x2  
  81  7:15  Assimilator  
  83  7:19  Assimilator  
  83  7:24  Probe x2  
  85  7:36  Stalker x3  
  91  7:38  Observer  
  91  7:39  Stalker  
  94  7:46  Probe x2  
  92  8:06  Probe x2  
  92  8:09  Charge  
  78  8:26  Robotics Facility  
  74  8:28  Robotics Facility  
  74  8:33  Robotics Facility  
  68  8:36  Gateway  
  68  8:38  Gateway  
  68  8:40  Gateway  
  64  8:43  Gateway  
  64  8:48  Nexus  
  64  9:02  Pylon  
  64  9:04  Forge  
  64  9:05  Pylon, Forge  
  64  9:11  Forge  
  64  9:12  Immortal  
  64  9:13  Immortal  
  72  9:22  Immortal  
  72  9:27  Probe x2  
  78  9:38  Stalker  
  78  9:41  Stalker  
  80  9:49  Stalker  
  80  9:50  Probe  
  80  9:51  Probe  
  84  9:59  Immortal  
  84  10:01  Probe  
  84  10:03  Probe  
  84  10:06  Immortal  
  94  10:17  Pylon  
  94  10:20  Pylon  
  94  10:21  Immortal  
  94  10:24  Stalker  
  96  10:30  Protoss Ground Weapons Level 1  
  96  10:34  Immortal  
  100  10:39  Protoss Ground Armor Level 1  
  100  10:41  Probe  
  105  10:43  Probe  
  105  10:44  Probe  
  107  10:51  Stalker  
  107  10:53  Protoss Shields Level 1  
  107  10:54  Probe  
  107  10:55  Probe  
  107  10:56  Probe  
  112  11:13  Assimilator  
  112  11:17  Assimilator, Immortal  
  116  11:28  Zealot  
  116  11:29  Zealot x3  
  116  11:32  Probe x2  
  126  11:33  Probe  
  127  11:43  Colossus  
  133  11:47  Zealot  
  133  11:48  Zealot x2  
  139  11:56  Colossus  
  137  12:07  Colossus  
  137  12:08  Colossus  
  133  12:15  Pylon  
  137  12:17  Pylon  
  135  12:24  Extended Thermal Lance  
  133  12:37  Colossus, Stalker x4  
  145  12:51  Immortal  
  149  13:01  Colossus  
  101  13:22  Zealot x4  
  117  13:40  Zealot x3  
  107  13:42  Zealot  
  107  13:43  Zealot  
  107  13:44  Zealot  
  107  13:45  Zealot  
  92  14:00  Zealot  
  92  14:01  Zealot  
  84  14:08  Cybernetics Core  
  78  14:10  Gateway  
  78  14:11  Gateway  
  78  14:14  Gateway  
  78  14:16  Gateway  
  75  14:18  Dark Shrine  
  75  14:20  Zealot x2  
  75  14:21  Zealot x3  
  80  14:42  Zealot x5  
  90  15:05  Zealot  
  90  15:06  Zealot x4  
  100  15:07  Zealot  
  100  15:08  Nexus  
  100  15:13  Pylon  
  102  15:14  Pylon  
  102  15:17  Pylon  
  102  15:19  Pylon  
  68  15:30  Dark Templar  
  68  15:31  Dark Templar x6  
  78  15:50  Dark Templar x2  
  78  15:53  Stargate  
  82  16:05  Pylon  
  82  16:08  Assimilator  
Show
View Real Time Build Order
Export as new Build Order

Sketchaphone Zerg - Winner!

Build Orders: Hatch First 

Get SALT Encoding   

  12  0:01  Drone  
  13  0:12  Overlord  
  13  0:18  Drone  
  14  0:31  Drone x2  
  14  0:34  Drone  
  17  0:56  Hatchery  
  16  0:57  Drone  
  18  1:04  Drone, Extractor  
  17  1:19  Drone  
  17  1:21  Drone  
  19  1:27  Overlord  
  19  1:39  Drone  
  20  1:49  Spawning Pool, Drone  
  20  2:02  Drone  
  21  2:13  Hatchery  
  21  2:15  Drone  
  21  2:20  Drone  
  23  2:22  Drone  
  23  2:23  Drone  
  23  2:27  Pneumatized Carapace  
  26  2:40  Queen  
  26  2:48  Drone  
  26  2:50  Drone  
  28  2:57  Drone  
  28  2:58  Drone x3  
  32  3:00  Metabolic Boost  
  32  3:03  Overlord  
  32  3:11  Drone  
  33  3:18  Drone  
  34  3:20  Overlord  
  34  3:29  Drone  
  34  3:30  Queen  
  34  3:32  Queen  
  34  3:33  Drone x2  
  41  3:40  Spine Crawler  
  40  3:51  Spine Crawler  
  40  3:53  Spine Crawler  
  38  3:57  Spine Crawler  
  38  3:58  Evolution Chamber, Drone x2  
  38  3:59  Drone  
  39  4:06  Spine Crawler  
  39  4:07  Drone  
  39  4:10  Zergling x4  
  41  4:22  Overlord, Drone x3  
  44  4:24  Drone  
  45  4:34  Overlord  
  45  4:38  Lair  
  45  4:54  Overlord  
  45  4:55  Drone x11  
  56  5:02  Zerg Ground Armor Level 1  
  56  5:10  Evolution Chamber  
  55  5:15  Overlord  
  55  5:25  Drone x2  
  58  5:28  Zergling x24  
  58  5:29  Zergling x2  
  70  5:40  Drone x2, Extractor  
  70  5:41  Drone  
  70  5:42  Extractor  
  71  5:43  Drone x3  
  71  5:46  Extractor  
  73  5:52  Overlord  
  73  5:53  Overlord  
  73  6:04  Hatchery  
  73  6:06  Overlord  
  72  6:11  Drone  
  72  6:12  Drone x3  
  72  6:14  Zerg Melee Weapons Level 1  
  76  6:25  Overlord  
  76  6:26  Overlord x2  
  76  6:37  Baneling Nest  
  75  6:44  Zergling x30  
  90  6:52  Zergling x2  
  91  7:04  Nydus Network  
  91  7:06  Drone x3  
  93  7:12  Overlord  
  93  7:14  Spore Crawler  
  92  7:17  Queen  
  92  7:18  Overlord x2, Drone  
  92  7:20  Centrifical Hooks  
  95  7:23  Infestation Pit  
  95  7:25  Burrow  
  95  7:28  Baneling x17  
  94  7:30  Drone  
  94  7:31  Zergling x12  
  94  7:35  Extractor  
  100  7:37  Extractor  
  100  7:39  Drone x6  
  92  8:07  Zergling x26  
  104  8:15  Nydus Canal  
  104  8:16  Zergling x10  
  104  8:18  Zergling x2  
  107  8:21  Zerg Melee Weapons Level 2, Zerg Ground Armor Level 2  
  106  8:27  Zergling x4  
  106  8:28  Zergling x2  
  106  8:29  Zergling x2  
  106  8:33  Hatchery  
  106  8:47  Zergling x20  
  112  8:56  Nydus Canal  
  110  9:04  Overseer  
  110  9:09  Zergling x28  
  122  9:26  Overlord  
  122  9:29  Infestor x3  
  128  9:45  Pathogen Glands  
  128  9:50  Zergling x6  
  128  9:51  Zergling x16  
  139  10:05  Nydus Canal  
  139  10:11  Zergling x14  
  139  10:13  Queen  
  148  10:19  Zergling x18, Nydus Canal  
  101  11:10  Zergling x38, Baneling  
  101  11:11  Baneling x3  
  120  11:16  Hive  
  120  11:19  Zerg Missile Weapons Level 1  
  120  11:21  Drone x8  
  120  11:23  Drone  
  129  11:26  Extractor  
  128  11:46  Extractor  
  127  11:47  Baneling  
  127  11:48  Baneling x36  
  125  11:55  Zergling x46  
  144  12:02  Nydus Canal  
  140  12:10  Zergling x18  
  135  12:17  Nydus Canal  
  118  12:24  Zergling x8  
  101  12:43  Zergling x12  
  101  12:44  Zergling x8  
  102  12:48  Nydus Canal  
  92  13:02  Nydus Canal  
  92  13:04  Zergling x8  
  78  13:11  Roach Warren, Zergling x2  
  71  13:14  Zergling x2  
  71  13:21  Nydus Canal  
  71  13:25  Spawning Pool  
  70  13:27  Lair  
  70  13:30  Drone  
  70  13:31  Drone  
  70  13:38  Hatchery  
  49  14:17  Hatchery  
  48  14:28  Hatchery  
  38  14:51  Lair  
  31  15:25  Drone x3  
Tags
 
Add a new tag
Caveats
  • Supply blocks, unpowered buildings, or Contaminate may cause inaccurate times.
  • Supply counts are checked every 10 seconds.